 Dungeon Crawl Stone Soup version 0.22.0-6-g71bd7aa (webtiles) character file.

38 gyp21 the Magician (level 3, -2/26 HPs)
             Began as a Mummy Fire Elementalist on Aug 14, 2018.
             Slain by a kobold
             ... wielding a +3 dagger
              (5 damage)
             ... on level 1 of the Dungeon.
             The game lasted 00:04:05 (864 turns).

gyp21 the Magician (Mummy Fire Elementalist)         Turns: 864, Time: 00:04:05

Health: -2/26      AC:  2    Str: 11    XL:     3   Next: 25%
Magic:  1/7        EV: 12    Int: 15    God:
Gold:   14         SH:  0    Dex: 12    Spells: 7/8 levels left

rFire    x . .     SeeInvis .   b - +0 short sword (speed)
rCold    + . .     Gourm    .   (no shield)
rNeg     + + +     Faith    .   a - +0 robe
rPois    ∞         Spirit   .   (no helmet)
rElec    .         Reflect  .   (no cloak)
rCorr    .         Harm     .   (no gloves)
MR       .....                  (no boots)
Stlth    ++........             (no amulet)
HPRegen  0.08/turn              (no ring)
MPRegen  0.10/turn              (no ring)

@: very slightly contaminated
A: no food or potions, fire vulnerability, cold resistance 1, negative energy
resistance 3, torment resistance, unbreathing
a: no special abilities


You were on level 1 of the Dungeon.
You were not hungry.

You visited 1 branch of the dungeon, and saw 1 of its levels.

You collected 14 gold pieces.

Inventory:

Hand Weapons
 b - a +0 short sword of speed (weapon)
Armour
 a - a +0 robe (worn)
Scrolls
 c - a scroll of teleportation {unknown}
 d - a scroll of noise {unknown}


   Skills:
 + Level 1.1 Fighting
 + Level 1.9 Dodging
 - Level 1.5 Stealth
 + Level 3.2 Spellcasting
 + Level 1.3 Conjurations
 + Level 2.6 Fire Magic


You had 7 spell levels left.
You knew the following spells:

 Your Spells              Type           Power        Failure   Level  Hunger
a - Flame Tongue          Conj/Fire      #....        9%          1    N/A

Your spell library contained the following spells:

 Spells                   Type           Power        Failure   Level  Hunger
 Fireball                 Conj/Fire      #.........   94%         5    N/A
 Conjure Flame            Conj/Fire      #.......     26%         3    N/A
 Throw Flame              Conj/Fire      #.....       13%         2    N/A
 Sticky Flame             Conj/Fire      #.......     65%         4    N/A
 Inner Flame              Hex/Fire       #.......     34%         3    N/A

Dungeon Overview and Level Annotations

Branches:
Dungeon (1/15)

Altars:


Innate Abilities, Weirdness & Mutations

You do not eat or drink.
Your flesh is vulnerable to fire.
You are immune to poison.
Your flesh is cold resistant. (rC+)
You are immune to negative energy. (rN+++)
You are immune to unholy pain and torment.
You can survive without breathing.


Message History

The kobold hits you with an enchanted dagger.
Casting: Flame Tongue (safe; 9% risk of failure)
Confirm with . or Enter, or press ? or * to list all spells.
You don't have enough magic to cast that spell.
Unknown command.
You barely miss the kobold.
The kobold is severely wounded.
The kobold completely misses you.
You completely miss the kobold.
The kobold is severely wounded.
The kobold hits you with an enchanted dagger.
* * * LOW HITPOINT WARNING * * *
You closely miss the kobold.
The kobold is severely wounded.
The kobold hits you with an enchanted dagger.
* * * LOW HITPOINT WARNING * * *
You hit the kobold but do no damage.
The kobold is severely wounded.
The kobold hits you with an enchanted dagger.
You die...

##.###########
.............#########
##.###...............#
#.#)###.........#
#.###g#.#.######.# #.#
##K###.# #.# # ##
#.#@# .# #.#######
#.###.#.# #..†.....
..# .........#######
≈≈≈ ≈≈.≈≈≈≈≈≈≈ #
#≈###### ##+##♣##### #
# #..8#≈♣≈#+# ≈# #
#...##8##.##8## #
#...'.........+ #
#...###8#'#8###


You could see a hobgoblin and a kobold.

Vanquished Creatures
  An ooze (D:1)
  An adder zombie (D:1)
  4 dart slugs (D:1)
  A giant cockroach (D:1)
  4 hobgoblins (D:1)
  3 jackals (D:1)
  2 bats (D:1)
  A frilled lizard (D:1)
  2 kobolds (D:1)
  A quokka zombie (D:1)
  3 rats (D:1)
23 creatures vanquished.

Notes
Turn   | Place    | Note
-------+----------+-------------------------------------------
     0 | D:1      | gyp21 the Mummy Fire Elementalist began the quest for the Orb.
     0 | D:1      | Reached XP level 1. HP: 13/13 MP: 4/4
   221 | D:1      | Reached skill level 1 in Conjurations
   228 | D:1      | Reached XP level 2. HP: 17/20 MP: 0/5
   492 | D:1      | Reached skill level 3 in Spellcasting
   705 | D:1      | Reached XP level 3. HP: 25/25 MP: 5/7
   730 | D:1      | Reached skill level 1 in Fighting
   864 | D:1      | Slain by a kobold

Skill      XL: |  1  2  3 |
---------------+----------+-----
Conjurations   | 1 |  1.3
Spellcasting   | 3 |  3.2
Fighting       | 1 |  1.1
Dodging        | |  1.9
Stealth        | |  1.5
Fire Magic     | |  2.6

Action                   || total
-------------------------++-------
Melee: Short sword       ||    42
 Cast: Flame Tongue      ||    37
Armor: Robe              ||     7
Dodge: Dodged            ||    34
